Workbook
Name OLE_LINK1: 'SEP 2026'!#REF!
Name OLE_LINK1: 'Summary 2021'!#REF!

Sheet Summary 2021
C2: Association of Federal Government College Enugu Alumni in the Americas (AFGCEAA)
C3: 2021 FINANCIAL REPORT - YearTotal
C5: Operating Account | H5: Restricted Account | M5: Total
C6: · Beginning balance: | F6: 42755.36 | H6: · Beginning balance: | K6: =+#REF! -> #REF! | M6: · Beginning balance: | P6: =F6+K6 -> #REF!
D7: Income from operations: | F7: =SUM(F8:F15) -> #REF! | I7: Income from operations: | K7: =SUM(K8:K13) -> 0 | N7: Income from operations: | P7: =F7+K7 -> #REF!
D8: A. | E8: Toronto Receipts Income | F8: =+SUMIF(#REF!,'Summary 2021'!E8,#REF!)+SUMIF(#REF!,'Summary 2021'!E8,#REF!)+SUMIF(#REF!,'Summary 2021'!E8,#REF!)+SUMIF(#REF!,'Summary 2021'!E8,#REF!)+SUMIF(#REF!,'Summary 2021'!E8,#REF!)+SUMIF(#REF!,'Summary 2021'!E8,#REF!)+SUMIF(#REF!,'Summary 2021'!E8,#REF!)+SUMIF('SEP 2026'!$E$28:$F$46,'Summary 2021'!E8,'SEP 2026'!$F$28:$F$46)+SUMIF(#REF!,'Summary 2021'!E8,#REF!)+SUMIF(#REF!,'Summary 2021'!E8,#REF!)+SUMIF(#REF!,'Summary 2021'!E8,#REF!)+SUMIF(#REF!,'Summary 2021'!E8,#REF!) -> #REF! | I8: A. | J8: XXXX | K8: 0
D9: B. | E9: Toronto Income - Facebook | F9: =+SUMIF(#REF!,'Summary 2021'!E9,#REF!)+SUMIF(#REF!,'Summary 2021'!E9,#REF!)+SUMIF(#REF!,'Summary 2021'!E9,#REF!)+SUMIF(#REF!,'Summary 2021'!E9,#REF!)+SUMIF(#REF!,'Summary 2021'!E9,#REF!)+SUMIF(#REF!,'Summary 2021'!E9,#REF!)+SUMIF(#REF!,'Summary 2021'!E9,#REF!)+SUMIF('SEP 2026'!$E$28:$F$46,'Summary 2021'!E9,'SEP 2026'!$F$28:$F$46)+SUMIF(#REF!,'Summary 2021'!E9,#REF!)+SUMIF(#REF!,'Summary 2021'!E9,#REF!)+SUMIF(#REF!,'Summary 2021'!E9,#REF!)+SUMIF(#REF!,'Summary 2021'!E9,#REF!) -> #REF!
D10: C. | E10: Toronto Income - Stripe | F10: =+SUMIF(#REF!,'Summary 2021'!E10,#REF!)+SUMIF(#REF!,'Summary 2021'!E10,#REF!)+SUMIF(#REF!,'Summary 2021'!E10,#REF!)+SUMIF(#REF!,'Summary 2021'!E10,#REF!)+SUMIF(#REF!,'Summary 2021'!E10,#REF!)+SUMIF(#REF!,'Summary 2021'!E10,#REF!)+SUMIF(#REF!,'Summary 2021'!E10,#REF!)+SUMIF('SEP 2026'!$E$28:$F$46,'Summary 2021'!E10,'SEP 2026'!$F$28:$F$46)+SUMIF(#REF!,'Summary 2021'!E10,#REF!)+SUMIF(#REF!,'Summary 2021'!E10,#REF!)+SUMIF(#REF!,'Summary 2021'!E10,#REF!)+SUMIF(#REF!,'Summary 2021'!E10,#REF!) -> #REF!
D11: D. | E11: Amazon Income | F11: =+SUMIF(#REF!,'Summary 2021'!E11,#REF!)+SUMIF(#REF!,'Summary 2021'!E11,#REF!)+SUMIF(#REF!,'Summary 2021'!E11,#REF!)+SUMIF(#REF!,'Summary 2021'!E11,#REF!)+SUMIF(#REF!,'Summary 2021'!E11,#REF!)+SUMIF(#REF!,'Summary 2021'!E11,#REF!)+SUMIF(#REF!,'Summary 2021'!E11,#REF!)+SUMIF('SEP 2026'!$E$28:$F$46,'Summary 2021'!E11,'SEP 2026'!$F$28:$F$46)+SUMIF(#REF!,'Summary 2021'!E11,#REF!)+SUMIF(#REF!,'Summary 2021'!E11,#REF!)+SUMIF(#REF!,'Summary 2021'!E11,#REF!)+SUMIF(#REF!,'Summary 2021'!E11,#REF!) -> #REF!
D12: E. | E12: Westin Refund | F12: =+SUMIF(#REF!,'Summary 2021'!E12,#REF!)+SUMIF(#REF!,'Summary 2021'!E12,#REF!)+SUMIF(#REF!,'Summary 2021'!E12,#REF!)+SUMIF(#REF!,'Summary 2021'!E12,#REF!)+SUMIF(#REF!,'Summary 2021'!E12,#REF!)+SUMIF(#REF!,'Summary 2021'!E12,#REF!)+SUMIF(#REF!,'Summary 2021'!E12,#REF!)+SUMIF('SEP 2026'!$E$28:$F$46,'Summary 2021'!E12,'SEP 2026'!$F$28:$F$46)+SUMIF(#REF!,'Summary 2021'!E12,#REF!)+SUMIF(#REF!,'Summary 2021'!E12,#REF!)+SUMIF(#REF!,'Summary 2021'!E12,#REF!)+SUMIF(#REF!,'Summary 2021'!E12,#REF!) -> #REF!
D13: F. | E13: Int. Fee Refund | F13: =+SUMIF(#REF!,'Summary 2021'!E13,#REF!)+SUMIF(#REF!,'Summary 2021'!E13,#REF!)+SUMIF(#REF!,'Summary 2021'!E13,#REF!)+SUMIF(#REF!,'Summary 2021'!E13,#REF!)+SUMIF(#REF!,'Summary 2021'!E13,#REF!)+SUMIF(#REF!,'Summary 2021'!E13,#REF!)+SUMIF(#REF!,'Summary 2021'!E13,#REF!)+SUMIF('SEP 2026'!$E$28:$F$46,'Summary 2021'!E13,'SEP 2026'!$F$28:$F$46)+SUMIF(#REF!,'Summary 2021'!E13,#REF!)+SUMIF(#REF!,'Summary 2021'!E13,#REF!)+SUMIF(#REF!,'Summary 2021'!E13,#REF!)+SUMIF(#REF!,'Summary 2021'!E13,#REF!) -> #REF!
D14: G. | E14: Temp Credit Adj | F14: =+SUMIF(#REF!,'Summary 2021'!E14,#REF!)+SUMIF(#REF!,'Summary 2021'!E14,#REF!)+SUMIF(#REF!,'Summary 2021'!E14,#REF!)+SUMIF(#REF!,'Summary 2021'!E14,#REF!)+SUMIF(#REF!,'Summary 2021'!E14,#REF!)+SUMIF(#REF!,'Summary 2021'!E14,#REF!)+SUMIF(#REF!,'Summary 2021'!E14,#REF!)+SUMIF('SEP 2026'!$E$28:$F$46,'Summary 2021'!E14,'SEP 2026'!$F$28:$F$46)+SUMIF(#REF!,'Summary 2021'!E14,#REF!)+SUMIF(#REF!,'Summary 2021'!E14,#REF!)+SUMIF(#REF!,'Summary 2021'!E14,#REF!)+SUMIF(#REF!,'Summary 2021'!E14,#REF!) -> #REF!
D15: F. | E15: Refund - Upwork | F15: =+SUMIF(#REF!,'Summary 2021'!E15,#REF!)+SUMIF(#REF!,'Summary 2021'!E15,#REF!)+SUMIF(#REF!,'Summary 2021'!E15,#REF!)+SUMIF(#REF!,'Summary 2021'!E15,#REF!)+SUMIF(#REF!,'Summary 2021'!E15,#REF!)+SUMIF(#REF!,'Summary 2021'!E15,#REF!)+SUMIF(#REF!,'Summary 2021'!E15,#REF!)+SUMIF('SEP 2026'!$E$28:$F$46,'Summary 2021'!E15,'SEP 2026'!$F$28:$F$46)+SUMIF(#REF!,'Summary 2021'!E15,#REF!)+SUMIF(#REF!,'Summary 2021'!E15,#REF!)+SUMIF(#REF!,'Summary 2021'!E15,#REF!)+SUMIF(#REF!,'Summary 2021'!E15,#REF!) -> #REF!
D16: Expense from operations: | F16: =SUM(F17:F23) -> #REF! | I16: Expense from operations: | K16: =SUM(K17:K23) -> 0 | N16: Expense from operations: | P16: =F16+K16 -> #REF!
D17: A. | E17: Event Fee | F17: =+SUMIF(#REF!,'Summary 2021'!E17,#REF!)+SUMIF(#REF!,'Summary 2021'!E17,#REF!)+SUMIF(#REF!,'Summary 2021'!E17,#REF!)+SUMIF(#REF!,'Summary 2021'!E17,#REF!)+SUMIF(#REF!,'Summary 2021'!E17,#REF!)+SUMIF(#REF!,'Summary 2021'!E17,#REF!)+SUMIF(#REF!,'Summary 2021'!E17,#REF!)+SUMIF('SEP 2026'!$E$28:$F$46,'Summary 2021'!E17,'SEP 2026'!$F$28:$F$46)+SUMIF(#REF!,'Summary 2021'!E17,#REF!)+SUMIF(#REF!,'Summary 2021'!E17,#REF!)+SUMIF(#REF!,'Summary 2021'!E17,#REF!)+SUMIF(#REF!,'Summary 2021'!E17,#REF!) -> #REF! | I17: A. | J17: XXXX | K17: 0
D18: B. | E18: Bank Fee | F18: =+SUMIF(#REF!,'Summary 2021'!E18,#REF!)+SUMIF(#REF!,'Summary 2021'!E18,#REF!)+SUMIF(#REF!,'Summary 2021'!E18,#REF!)+SUMIF(#REF!,'Summary 2021'!E18,#REF!)+SUMIF(#REF!,'Summary 2021'!E18,#REF!)+SUMIF(#REF!,'Summary 2021'!E18,#REF!)+SUMIF(#REF!,'Summary 2021'!E18,#REF!)+SUMIF('SEP 2026'!$E$28:$F$46,'Summary 2021'!E18,'SEP 2026'!$F$28:$F$46)+SUMIF(#REF!,'Summary 2021'!E18,#REF!)+SUMIF(#REF!,'Summary 2021'!E18,#REF!)+SUMIF(#REF!,'Summary 2021'!E18,#REF!)+SUMIF(#REF!,'Summary 2021'!E18,#REF!) -> #REF!
D19: C. | E19: Domain Hosting fee | F19: =+SUMIF(#REF!,'Summary 2021'!E19,#REF!)+SUMIF(#REF!,'Summary 2021'!E19,#REF!)+SUMIF(#REF!,'Summary 2021'!E19,#REF!)+SUMIF(#REF!,'Summary 2021'!E19,#REF!)+SUMIF(#REF!,'Summary 2021'!E19,#REF!)+SUMIF(#REF!,'Summary 2021'!E19,#REF!)+SUMIF(#REF!,'Summary 2021'!E19,#REF!)+SUMIF('SEP 2026'!$E$28:$F$46,'Summary 2021'!E19,'SEP 2026'!$F$28:$F$46)+SUMIF(#REF!,'Summary 2021'!E19,#REF!)+SUMIF(#REF!,'Summary 2021'!E19,#REF!)+SUMIF(#REF!,'Summary 2021'!E19,#REF!)+SUMIF(#REF!,'Summary 2021'!E19,#REF!) -> #REF!
D20: D. | E20: Videoblocks | F20: =+SUMIF(#REF!,'Summary 2021'!E20,#REF!)+SUMIF(#REF!,'Summary 2021'!E20,#REF!)+SUMIF(#REF!,'Summary 2021'!E20,#REF!)+SUMIF(#REF!,'Summary 2021'!E20,#REF!)+SUMIF(#REF!,'Summary 2021'!E20,#REF!)+SUMIF(#REF!,'Summary 2021'!E20,#REF!)+SUMIF(#REF!,'Summary 2021'!E20,#REF!)+SUMIF('SEP 2026'!$E$28:$F$46,'Summary 2021'!E20,'SEP 2026'!$F$28:$F$46)+SUMIF(#REF!,'Summary 2021'!E20,#REF!)+SUMIF(#REF!,'Summary 2021'!E20,#REF!)+SUMIF(#REF!,'Summary 2021'!E20,#REF!)+SUMIF(#REF!,'Summary 2021'!E20,#REF!) -> #REF!
D21: E. | E21: Credit Reversal | F21: =+SUMIF(#REF!,'Summary 2021'!E21,#REF!)+SUMIF(#REF!,'Summary 2021'!E21,#REF!)+SUMIF(#REF!,'Summary 2021'!E21,#REF!)+SUMIF(#REF!,'Summary 2021'!E21,#REF!)+SUMIF(#REF!,'Summary 2021'!E21,#REF!)+SUMIF(#REF!,'Summary 2021'!E21,#REF!)+SUMIF(#REF!,'Summary 2021'!E21,#REF!)+SUMIF('SEP 2026'!$E$28:$F$46,'Summary 2021'!E21,'SEP 2026'!$F$28:$F$46)+SUMIF(#REF!,'Summary 2021'!E21,#REF!)+SUMIF(#REF!,'Summary 2021'!E21,#REF!)+SUMIF(#REF!,'Summary 2021'!E21,#REF!)+SUMIF(#REF!,'Summary 2021'!E21,#REF!) -> #REF!
D22: F. | E22: Stripe Reimbursements | F22: =+SUMIF(#REF!,'Summary 2021'!E22,#REF!)+SUMIF(#REF!,'Summary 2021'!E22,#REF!)+SUMIF(#REF!,'Summary 2021'!E22,#REF!)+SUMIF(#REF!,'Summary 2021'!E22,#REF!)+SUMIF(#REF!,'Summary 2021'!E22,#REF!)+SUMIF(#REF!,'Summary 2021'!E22,#REF!)+SUMIF(#REF!,'Summary 2021'!E22,#REF!)+SUMIF('SEP 2026'!$E$28:$F$46,'Summary 2021'!E22,'SEP 2026'!$F$28:$F$46)+SUMIF(#REF!,'Summary 2021'!E22,#REF!)+SUMIF(#REF!,'Summary 2021'!E22,#REF!)+SUMIF(#REF!,'Summary 2021'!E22,#REF!)+SUMIF(#REF!,'Summary 2021'!E22,#REF!) -> #REF!
D23: G. | E23: Purchase - Upwork | F23: =+SUMIF(#REF!,'Summary 2021'!E23,#REF!)+SUMIF(#REF!,'Summary 2021'!E23,#REF!)+SUMIF(#REF!,'Summary 2021'!E23,#REF!)+SUMIF(#REF!,'Summary 2021'!E23,#REF!)+SUMIF(#REF!,'Summary 2021'!E23,#REF!)+SUMIF(#REF!,'Summary 2021'!E23,#REF!)+SUMIF(#REF!,'Summary 2021'!E23,#REF!)+SUMIF('SEP 2026'!$E$28:$F$46,'Summary 2021'!E23,'SEP 2026'!$F$28:$F$46)+SUMIF(#REF!,'Summary 2021'!E23,#REF!)+SUMIF(#REF!,'Summary 2021'!E23,#REF!)+SUMIF(#REF!,'Summary 2021'!E23,#REF!)+SUMIF(#REF!,'Summary 2021'!E23,#REF!) -> #REF!
C25: · Ending balance: | F25: =F6+F7-F16 -> #REF! | H25: · Ending balance: | K25: =K6+K7-K16 -> #REF! | M25: · Ending balance: | P25: =F25+K25 -> #REF!
C27: Respectfully Submitted
D28: Nora Agajelu – Treasurer
D29: Chuba Mbaneme – Financial Secretary
F36: =+F25-#REF! -> #REF! | K36: =+K25-#REF! -> #REF! | P36: =+P25-#REF! -> #REF!

Sheet SEP 2026
C2: Association of Federal Government College Enugu Alumni in the Americas (AFGCEAA)
C3: 2026 FINANCIAL REPORT - SEPTEMBER
C5: Operating Account | H5: Restricted Account | M5: Total
C6: · Beginning balance: | F6: 27620.85 | H6: · Beginning balance: | K6: 28869.19 | M6: · Beginning balance: | P6: =F6+K6 -> 56490.04
D7: Income from operations: | F7: =+SUM(F8:F27) -> 3040 | I7: Income from operations: | K7: =+SUM(K8) -> 0 | N7: Income from operations: | P7: =F7+K7 -> 3040
E8: FGCE 96 Set | F8: 1000 | K8: 0
E9: T-SHIRTS - CHNELO OFOCHE | F9: 40
E10: DONATION - IKENNA ONYEBUEKE MD | F10: 2000
D28: Expense from operations: | F28: =+SUM(F29:F46) -> 110.92 | I28: Expense from operations: | K28: =SUM(K29:K46) -> 0 | N28: Expense from operations: | P28: =F28+K28 -> 110.92
E29: AFFINIPAY | F29: 23.79
E30: WILD APRICOT INC | F30: 87.13
C48: · Ending balance: | F48: =F6+F7-F28 -> 30549.93 | H48: · Ending balance: | K48: =K6+K7-K28 -> 28869.19 | M48: · Ending balance: | P48: =F48+K48 -> 59419.12
C50: Respectfully Submitted
D51: Chi Ikoku – Treasurer
D52: Onochie Obijiofor – Financial Secretary

Sheet Operating Account Details
A1: Description | C1: Summary Amt.
A2: Beginning balance as of 09/01/2026 | C2: 27620.85
A3: Total credits | C3: 3040
A4: Total debits | C4: -110.92
A5: Ending balance as of 09/30/2026 | C5: 30549.93
A7: Date | B7: Description | C7: Amount | D7: Running Bal.
A8: 46266 | B8: Beginning balance as of 09/01/2026 | D8: 27620.85
A9: 46269 | B9: AFFINIPAY DES:J3000 OOFF ID:CZ10000U5AFEC INDN:AFGCEAA CORPORATION CO ID:8263863381 CCD PMT INFO:TRN*1*CZ10000U5AFEC\RMR*IK*AFFINIPAY\ | C9: -23.79 | D9: 27597.06
A10: 46274 | B10: Zelle payment from Stanley Akabuogu for FGCE class of 96 set donation"; Conf# 0K981MO2Z" | C10: 1000 | D10: 28597.06
A11: 46281 | B11: WILD APRICOT INC 09/15 PURCHASE www.wildapric TX DEBIT CARD *0499 | C11: -87.13 | D11: 28509.93
A12: 46288 | B12: Zelle payment from CHINELO OFOCHE for FGCE tshirts"; Conf# nml3grpbw" | C12: 40 | D12: 28549.93
A13: 46295 | B13: BKOFAMERICA MOBILE 09/30 3661935811 DEPOSIT *MOBILE MA | C13: 2000 | D13: 30549.93

Sheet Restricted Account Details
A1: The time period you have requested to download has no posted transactions. Please select a new date range.
A3: Ending balance as of 09/30/2026 | C3: 28869.19
